 Dungeon Crawl Stone Soup version 0.20-a0-1127-g1289703 (webtiles) character file.

10137 Ijustatesigmund the Fighter (level 11, -3/95 HPs)
             Began as a White Draconian Conjurer on May 18, 2017.
             Was an Elder of Cheibriados.
             Killed from afar by a gargoyle (25 damage)
             ... with a stone arrow
             ... on level 10 of the Dungeon.
             The game lasted 01:02:30 (13703 turns).

Ijustatesigmund the Fighter (DrCj)                 Turns: 13703, Time: 01:02:32

Health: -3/95      AC: 12    Str: 20    XL:     11   Next: 32%
Magic:  14/22      EV: 14    Int: 30    God:    Cheibriados [****..]
Gold:   553        SH:  6    Dex: 22    Spells: 10/25 levels left

rFire    . . .     SeeInvis .   j - +8 flail "Demonbane" {vamp, MR+ Int+4}
rCold    + . .     Gourm    .   i - +0 buckler
rNeg     . . .     Faith    .   (armour unavailable)
rPois    .         Spirit   .   (helmet restricted)
rElec    .         Reflect  .   v - +1 cloak
rCorr    .         Harm     .   n - +2 pair of gloves
MR       +....                  (no boots)
Stlth    ++........             B - amulet of magic regeneration
Regen    0.3/turn               (no ring)
MPRegen  0.3/turn               (no ring)

@: very slow
A: breathe frost, unfitting armour, cold resistance 1, cold-blooded, AC +7
a: Breathe Frost, Bend Time, Temporal Distortion, Slouch, Renounce Religion


You were on level 10 of the Dungeon.
You worshipped Cheibriados.
Cheibriados was greatly pleased with you.
You were not hungry.

You visited 2 branches of the dungeon, and saw 12 of its levels.
You also visited: Sewer.

You collected 553 gold pieces.

Inventory:

Hand Weapons
 h - a +1 mace of crushing
 j - the +8 flail "Demonbane" (weapon) {vamp, MR+ Int+4}
   (You acquired it in a sewer)

   It inflicts no extra harm, but heals its wielder when it wounds a living foe.
   It affects your intelligence (+4).
   It affects your resistance to hostile enchantments.
Missiles
 e - a throwing net (quivered)
Armour
 i - a +0 buckler (worn)
 n - a +2 pair of gloves (worn)
 v - a +1 cloak (worn)
Jewellery
 y - an uncursed amulet of the gourmand
 B - an amulet of magic regeneration (around neck)
Wands
 k - a wand of polymorph (14/24)
 s - a wand of iceblast (1/15)
Scrolls
 f - 2 scrolls of remove curse
 g - 2 scrolls of identify
 o - 2 scrolls of amnesia
 u - a scroll of recharging
 E - a scroll of blinking
Potions
 c - 6 potions of flight
 d - 5 potions of lignification
 l - 2 potions of brilliance
 t - 3 potions of mutation
 A - a potion of heal wounds
 C - a potion of cancellation
Books
 a - a book of Conjurations

   Spells                             Type                      Level
   a - Magic Dart                     Conjuration                  1
   b - Searing Ray                    Conjuration                  2
   c - Dazzling Spray                 Conjuration/Hexes            3
   d - Fulminant Prism                Conjuration/Hexes            4
   e - Force Lance                    Conjuration/Translocation    4
   f - Iskenderun's Mystic Blast      Conjuration                  4
 p - a book of Minor Magic

   Spells                             Type                      Level
   a - Magic Dart                     Conjuration                  1
   b - Blink                          Translocation                2
   c - Call Imp                       Summoning                    2
   d - Slow                           Hexes                        2
   e - Conjure Flame                  Conjuration/Fire             3
   f - Mephitic Cloud                 Conjuration/Poison/Air       3
 w - a book of Cantrips

   Spells                             Type                      Level
   a - Confusing Touch                Hexes                        1
   b - Animate Skeleton               Necromancy                   1
   c - Summon Small Mammal            Summoning                    1
   d - Apportation                    Translocation                1
 z - a Young Poisoner's Handbook

   Spells                             Type                      Level
   a - Sting                          Conjuration/Poison           1
   b - Poisonous Vapours              Poison/Air                   2
   c - Mephitic Cloud                 Conjuration/Poison/Air       3
   d - Olgreb's Toxic Radiance        Poison                       4
   e - Venom Bolt                     Conjuration/Poison           5
Comestibles
 b - 7 bread rations
 m - 6 royal jellies
 q - 4 meat rations
 r - 5 chunks of flesh


   Skills:
 + Level 8.8 Fighting
 - Level 6.5 Maces & Flails
 - Level 3.0 Dodging
 - Level 1.7 Stealth
 - Level 4.2 Shields
 + Level 7.8 Spellcasting
 - Level 4.4 Conjurations
 - Level 3.6 Hexes
 - Level 2.4 Translocations
 - Level 2.1 Fire Magic
 - Level 2.0 Air Magic
 - Level 3.0 Poison Magic
 + Level 8.6 Invocations


You had 10 spell levels left.
You knew the following spells:

 Your Spells              Type           Power        Failure   Level  Hunger
a - Magic Dart            Conj           ####         1%          1    None
b - Searing Ray           Conj           #####.       1%          2    None
c - Dazzling Spray        Conj/Hex       #####.       2%          3    None
d - Blink                 Tloc           N/A          2%          2    None
e - Conjure Flame         Conj/Fire      ####....     3%          3    None
f - Apportation           Tloc           ####..       1%          1    None
g - Mephitic Cloud        Conj/Pois/Air  ####....     3%          3    None


Dungeon Overview and Level Annotations

Branches:
Dungeon (11/15)            Temple (1/1) D:6             Orc (0/2) D:9
   Lair: D:8-11

Altars:
Ashenzari
Cheibriados
Dithmenos
Elyvilon
Fedhas
Gozag
Hepliaklqana
Kikubaaqudgha
Makhleb
Nemelex Xobeh
Okawaru
Qazlal
Ru
Sif Muna
Trog
Uskayaw
Vehumet
Wu Jian
Xom
Yredelemnul
Zin
The Shining One

Annotations:
D:1 1 runed door
D:11 Gastronok, Snorg


Innate Abilities, Weirdness & Mutations

You can breathe waves of freezing cold.
You can buffet flying creatures when you breathe cold.
Your icy white scales are hard. (AC +7)
You cannot fit into any form of body armour.
Your flesh is cold resistant. (rC+)
You are cold-blooded and may be slowed by cold attacks.


Message History

The gargoyle hurls a stone arrow at you.
The stone arrow hits you!
* * * LOW HITPOINT WARNING * * *
Casting: Dazzling Spray
Confirm with . or Enter, or press ? or * to list all spells.
You blink.
Found a dagger.
Found an escape hatch in the ceiling.
Casting: Blink
Confirm with . or Enter, or press ? or * to list all spells.
Aiming: Dazzling Spray
Press: ? - help, Shift-Dir - straight line, f/p - gargoyle
Aim: a gargoyle, wielding a mace The spray of energy hits the gargoyle.
The gargoyle is lightly damaged.
The spray of energy hits the warg.
You kill the warg!
Cheibriados appreciates the change of pace.
The gargoyle hurls a stone arrow at you.
The stone arrow hits you!
You die...

###.####..
#...?....####.#
######.#.....##....#
#...##.#....##.....# .
#...##.#....#...>..###..
#...........#...........
#...####..........%.....
...........>............
....##.....).†..@.......
.[..##..((.§.9.......)..
...........)!.........<.
....................#...
....#####....#..#....###
#.######...|......#....
#.# #.)))....#..#.#.####
#[###(###....#....#.#
..#...# #....# ..#.


You could see a gargoyle.

Vanquished Creatures
  Fannar (D:10)
  Erica (D:9)
  Pikel (D:7)
  Psyche (D:10)
  The ghost of MydosGodOfBeginnings the Vandal, an amateur OgHu (D:4)
  2 trolls
  Grinder (Sewer)
  Prince Ribbit (D:9)
  A hippogriff (D:9)
  7 yaks
  A wyvern (D:9)
  4 hogs (D:8)
  A human (D:8)
  2 wargs (D:10)
  2 hungry ghosts
  Menkaure (D:7)
  Edmund (D:6)
  A water moccasin (D:8)
  An orc warrior (D:9)
  A slave (D:7)
  2 ice beasts
  2 black bears
  A phantom (D:5)
  2 sky beasts
  3 ogres
  3 crocodiles
  4 centaurs
  2 big kobolds (Sewer)
  5 bullfrogs
  A wyvern zombie (D:7)
  A water moccasin zombie (D:7)
  3 scorpions
  5 killer bees
  4 crimson imps
  A bullfrog zombie (D:7)
  7 orc priests
  2 orc wizards
  A quasit (Sewer)
  3 hounds
  2 jellies
  4 centaur skeletons
  Jessica (D:2)
  An iguana (D:8)
  6 worker ants
  4 big kobold zombies (Sewer)
  A hound skeleton (D:5)
  A worker ant zombie (D:9)
  7 adders
  A howler monkey skeleton (D:9)
  13 gnolls
  A river rat (D:3)
  5 shadow imps
  4 ufetubi (Sewer)
  3 oozes
  An adder skeleton (D:6)
  An adder zombie (Sewer)
  A worm (D:3)
  3 dart slugs
  5 leopard geckos
  32 orcs
  7 giant cockroaches
  7 goblins
  3 hobgoblins
  10 jackals
  23 kobolds
  2 quokkas
  A ball python (D:3)
  8 bats
  6 frilled lizards
  A giant cockroach zombie (Sewer)
  A kobold zombie (Sewer)
  A leopard gecko skeleton (D:8)
  A quokka skeleton (D:5)
  A quokka zombie (D:5)
  10 rats
  A fungus (D:3)
264 creatures vanquished.

Vanquished Creatures (others)
  2 slaves (D:7)
  A centaur (D:7)
  A worker ant (D:7)
  A kobold zombie (Sewer)
5 creatures vanquished.

Grand Total: 269 creatures vanquished

Notes
Turn   | Place    | Note
-------+----------+-------------------------------------------
     0 | D:1      | Ijustatesigmund the Draconian Conjurer began the quest for the Orb.
     0 | D:1      | Reached XP level 1. HP: 14/14 MP: 3/3
     2 | D:1      | Found a runed door.
    94 | D:1      | Reached skill level 1 in Fighting
   140 | D:1      | Reached XP level 2. HP: 23/23 MP: 0/5
   146 | D:1      | Learned a level 2 spell: Searing Ray
   834 | D:1      | Reached XP level 3. HP: 29/29 MP: 5/7
   900 | D:1      | Learned a level 3 spell: Dazzling Spray
  1877 | D:2      | Found a basalt altar of Yredelemnul.
  2009 | D:2      | Noticed Jessica
  2013 | D:2      | Reached XP level 4. HP: 36/36 MP: 2/8
  2145 | D:2      | Killed Jessica
  2145 | D:2      | Reached skill level 1 in Maces & Flails
  2208 | D:2      | Learned a level 2 spell: Blink
  2534 | D:3      | Found a sacrificial altar of Ru.
  2733 | D:3      | Found a blossoming altar of Fedhas.
  2735 | D:3      | Found a shadowy altar of Dithmenos.
  2766 | D:3      | Reached skill level 1 in Translocations
  2766 | D:3      | Reached XP level 5. HP: 34/41 MP: 4/10
  3018 | D:3      | Found a glowing drain.
  3022 | Sewer    | Entered a sewer
  3174 | Sewer    | Learned a level 3 spell: Conjure Flame
  3358 | Sewer    | Reached XP level 6. HP: 48/48 MP: 7/12
  3440 | Sewer    | Reached skill level 1 in Fire Magic
  3703 | Sewer    | Found a burning altar of Makhleb.
  4049 | Sewer    | Your scales start taking on an icy white colour.
  4049 | Sewer    | Reached XP level 7. HP: 48/55 MP: 3/14
  4049 | Sewer    | Gained mutation: Your flesh is cold resistant. (rC+) [White Draconian growth]
  4091 | Sewer    | Noticed Grinder
  4129 | Sewer    | Paralysed by Grinder for 2 turns
  4140 | Sewer    | Paralysed by Grinder for 6 turns
  4147 | Sewer    | Killed Grinder
  4270 | Sewer    | Identified a scroll of acquirement
  4273 | Sewer    | Got a twisted flail
  4275 | Sewer    | Identified the +8 flail "Demonbane" {vamp, MR+ Int+4} (You acquired it in a sewer)
  4542 | D:4      | Noticed MydosGodOfBeginnings's ghost (amateur OgHu)
  4559 | D:4      | Noticed Edmund
  4608 | D:5      | Entered Level 5 of the Dungeon
  5049 | D:3      | Reached skill level 1 in Shields
  5207 | D:4      | Found an ancient bone altar of Kikubaaqudgha.
  5244 | D:4      | Killed MydosGodOfBeginnings's ghost
  5244 | D:4      | Reached XP level 8. HP: 63/63 MP: 8/15
  5691 | D:4      | Found a stormy altar of Qazlal.
  6357 | D:5      | Reached skill level 5 in Maces & Flails
  6901 | D:5      | Reached skill level 5 in Fighting
  7253 | D:6      | Killed Edmund
  7302 | D:6      | Reached XP level 9. HP: 59/75 MP: 7/16
  7674 | D:6      | Learned a level 1 spell: Apportation
  7678 | D:6      | Learned a level 3 spell: Mephitic Cloud
  7713 | D:6      | Found a staircase to the Ecumenical Temple.
  7722 | Temple   | Entered the Ecumenical Temple
  7942 | Temple   | Became a worshipper of Cheibriados the Contemplative
  8013 | D:6      | Found an iron altar of Okawaru.
  8014 | D:6      | Found a bloodstained altar of Trog.
  8228 | D:7      | Noticed Pikel
  8241 | D:7      | Killed Pikel
  8241 | D:7      | Reached skill level 1 in Hexes
  8241 | D:7      | Reached skill level 1 in Air Magic
  8241 | D:7      | Reached skill level 1 in Poison Magic
  8452 | D:7      | Noticed Menkaure
  8463 | D:7      | Killed Menkaure
  9153 | D:7      | Found a burning altar of Makhleb.
  9382 | D:7      | Noticed a troll
  9391 | D:7      | Killed a troll
  9851 | D:8      | Reached * piety under Cheibriados
 10205 | D:8      | Found a shattered altar of Ashenzari.
 10217 | D:8      | Reached XP level 10. HP: 81/84 MP: 17/17
 10409 | D:8      | Reached skill level 5 in Spellcasting
 10416 | D:8      | Reached ** piety under Cheibriados
 10416 | D:8      | Reached skill level 5 in Invocations
 10612 | D:9      | Found a staircase to the Orcish Mines.
 10744 | D:9      | Found a hazy altar of Hepliaklqana.
 11026 | D:9      | Noticed Prince Ribbit
 11066 | D:9      | Killed Prince Ribbit
 11204 | D:9      | Found an ornate altar of the Wu Jian Council.
 11222 | D:9      | Found a white marble altar of Elyvilon.
 11459 | D:9      | Found a hide-covered altar of Uskayaw.
 11711 | D:10     | Entered Level 10 of the Dungeon
 11711 | D:10     | Noticed Erica
 11741 | D:9      | Killed Erica
 12197 | D:9      | Reached *** piety under Cheibriados
 13035 | D:9      | Reached XP level 11. HP: 94/94 MP: 21/21
 13179 | D:10     | Noticed Psyche
 13193 | D:10     | Killed Psyche
 13210 | D:10     | Noticed Fannar
 13261 | D:11     | Noticed Gastronok
 13274 | D:11     | Noticed Snorg
 13586 | D:10     | Killed Fannar
 13651 | D:10     | Noticed a two-headed ogre
 13693 | D:10     | Reached **** piety under Cheibriados
 13703 | D:10     | Killed from afar by a gargoyle

Vault maps used:
D:1:      dpeg_arrival_caged_fury
D:2:      nicolae_overflow_crystal_walls, uniq_jessica
D:3:      grunt_temple_overflow_open, first_bread, gup_sewer_entry_spiral,
          minmay_gold_behind_fungi, nicolae_ru_sacrificial_ziggurat
D:4:      kiku_gazebo_garden_becter, lemuel_doored_altar,
          kennysheep_generic_room_3, uniq_edmund
D:5:      minmay_misc_feat_chi
D:6:      grunt_temple_overflow_bloody_war, minmay_temple_entry_glassed_door
D:7:      marbit_many_paths, uniq_menkaure, uniq_pikel
D:8:      grunt_livestock, cheibrodos_ashenzari_chains
D:9:      elyvilon_altar_5, lemuel_coloured_pillars_altar, old_standard_altar,
          kennysheep_mini_moat, uniq_prince_ribbit1
D:10:     erik_lair_orcish_takeover, minmay_misc_feat_tower, bloody_makhleb,
          uniq_psyche, uniq_erica, uniq_fannar
D:11:     minivault_5, uniq_maurice, uniq_gastronok, uniq_snorg
Temple:   jpeg_temple_island
Sewer:    kennysheep_sewer_church

Skill      XL: |  1  2  3  4  5  6  7  8  9 10 11 |
---------------+----------------------------------+-----
Fighting       | 1 2 3 5 6 8 |  8.8
Spellcasting   | 3 4 7 |  7.8
Maces & Flails | 1 4 6 |  6.5
Translocations | 1 2 |  2.4
Fire Magic     | 2 |  2.1
Shields        | 2 4 |  4.2
Hexes          | 3 |  3.6
Air Magic      | 2 |  2.0
Poison Magic   | 3 |  3.0
Invocations    | 4 7 8 |  8.6
Dodging        | 3 |  3.0
Stealth        | |  1.7
Conjurations   | |  4.4

Action                   |  1- 3 |  4- 6 |  7- 9 | 10-12 || total
-------------------------+-------+-------+-------+-------++-------
Melee: Short sword       |    12 |       |       |       ||    12
       Whip              |    49 |   160 |       |       ||   209
       Tailslap          |     3 |    11 |    27 |    44 ||    85
       Mace              |       |     2 |    29 |       ||    31
       Flail             |       |       |   221 |   260 ||   481
Throw: Throwing net      |       |       |       |     1 ||     1
 Cast: Magic Dart        |    95 |    63 |   159 |    24 ||   341
       Dazzling Spray    |       |     9 |    14 |    10 ||    33
       Searing Ray       |       |    13 |     7 |     3 ||    23
       Blink             |       |     1 |     2 |     5 ||     8
       Conjure Flame     |       |       |       |     2 ||     2
 Abil: Breathe Frost     |       |       |    10 |     4 ||    14
Evoke: Wand              |       |       |       |     2 ||     2
  Use: Scroll            |     3 |     5 |     9 |     4 ||    21
       Potion            |       |     8 |     5 |     3 ||    16
 Stab: Sleeping          |       |     1 |     3 |     3 ||     7
       Held in net/web   |       |       |       |     2 ||     2
  Eat: Chunk             |     4 |     3 |    25 |     5 ||    37
       Royal jelly       |       |     2 |     1 |     2 ||     5
       Fruit             |       |     1 |     4 |       ||     5
       Bread ration      |       |       |     3 |       ||     3
Armor: Skin              |    34 |    62 |   114 |   110 ||   320
Dodge: Dodged            |    53 |   126 |   189 |   194 ||   562
Block: Buckler           |       |       |    40 |   102 ||   142
